 Dungeon Crawl Stone Soup version 0.23.2-1-ga50397a (webtiles) character file.

Game seed: 6377564608641793273

147 prawnwizard the Firebug (level 5, 0/39 HPs)
             Began as a Draconian Fire Elementalist on May 10, 2019.
             Slain by a worm (9 damage)
             ... on level 3 of the Dungeon.
             The game lasted 00:05:28 (3395 turns).

prawnwizard the Firebug (DrFE)                      Turns: 3395, Time: 00:05:29

Health: 0/39       AC:  6    Str: 10    XL:     5   Next: 8%
Magic:  6/9        EV: 13    Int: 16    God:
Gold:   179        SH:  0    Dex: 18    Spells: 3/9 levels left

rFire    . . .     SeeInvis .   a - +0 dagger
rCold    . . .     Gourm    .   (no shield)
rNeg     . . .     Faith    .   (armour unavailable)
rPois    .         Spirit   .   u - +1 hat
rElec    .         Reflect  .   (no cloak)
rCorr    .         Harm     .   (no gloves)
MR       .....                  (no boots)
Stlth    ++........             (no amulet)
HPRegen  0.13/turn              c - +6 ring of dexterity
MPRegen  0.11/turn              (no ring)

@: no status effects
A: unfitting armour, cold-blooded, AC +5
a: no special abilities


You were on level 3 of the Dungeon.
You were very hungry.

You visited 1 branch of the dungeon, and saw 3 of its levels.

You collected 179 gold pieces.

Inventory:

Hand Weapons
 a - a +0 dagger (weapon)
Armour
 u - a +1 hat (worn)
Jewellery
 c - a +6 ring of dexterity (left hand)
Wands
 n - a wand of acid (5)
Scrolls
 d - 3 scrolls of remove curse {unknown}
 f - 8 scrolls of identify {unknown}
 g - 2 scrolls of blinking {unknown}
 h - a scroll of magic mapping {unknown}
 m - a scroll of enchant armour {unknown}
 p - a scroll of teleportation {unknown}
 q - 2 scrolls of amnesia {unknown}
Potions
 e - a potion of brilliance {unknown}
 i - 2 potions of curing {unknown}
 j - a potion of agility {unknown}
 k - a potion of degeneration {unknown}
 l - 2 potions of resistance {unknown}
 o - a potion of magic {unknown}
 r - a potion of heal wounds {unknown}
 s - a potion of flight {unknown}
 t - a potion of haste {unknown}
 v - a potion of ambrosia {unknown}
 w - a potion of invisibility
Comestibles
 b - 5 rations


   Skills:
 - Level 0.7 Fighting
 - Level 0.9 Short Blades
 + Level 2.6 Dodging
 - Level 2.2 Stealth
 + Level 2.7 Spellcasting
 + Level 1.7 Conjurations
 * Level 4.0 Fire Magic


You had 3 spell levels left.
You knew the following spells:

 Your Spells              Type           Power        Failure   Level  Hunger
a - Flame Tongue          Conj/Fire      ##...        6%          1    #......
b - Throw Flame           Conj/Fire      ##....       9%          2    ##.....
c - Conjure Flame         Conj/Fire      ##......     17%         3    ###....

Your spell library contained the following spells:

 Spells                   Type           Power        Failure   Level  Hunger
 Inner Flame              Hex/Fire       #.......     26%         3    ###....
 Sticky Flame             Conj/Fire      ##......     50%         4    #####..
 Fireball                 Conj/Fire      ##........   85%         5    ######.


Dungeon Overview and Level Annotations

Branches:
Dungeon (3/15)

Altars:
Zin

Annotations:
D:3 2 transporters


Innate Abilities, Weirdness & Mutations

Your plain brown scales are hard. (AC +5)
You cannot fit into any form of body armour.
You are cold-blooded and may be slowed by cold attacks.


Message History

The worm is heavily wounded.
The kobold closely misses you.
Casting: Flame Tongue (safe; 6% risk of failure)
Confirm with . or Enter, or press ? or * to list all spells.
Aiming: Flame Tongue (safe; 6% risk of failure)
Press: ? - help, Shift-Dir - straight line, f/p - worm
Aim: a worm (heavily wounded)
The flame tongue hits the worm.
The worm is severely wounded.
The worm bites you!
* * * LOW HITPOINT WARNING * * *
Casting: Flame Tongue (safe; 6% risk of failure)
Confirm with . or Enter, or press ? or * to list all spells.
Aiming: Flame Tongue (safe; 6% risk of failure)
Press: ? - help, Shift-Dir - straight line, f/p - worm
Aim: a worm (severely wounded)
The flame tongue hits the worm.
The worm is severely wounded.
The kobold barely misses you. The worm bites you!
You die...

#<....##>###.....#..
#.###..............# #.#
#...####..>..### #.#
#.### ######### #.# #.#
########... #.# #.#
##.....#.... #.#
#.###...........
#####.###(##............
......w@..##............
......)K..##............
..........##............
..........##............
..........###...........
########### ##.....#....
###########


You could see a worm and a kobold.

Vanquished Creatures
  Robin (D:2)
  4 gnolls (D:2)
  3 adders
  An ooze (D:3)
  A dart slug (D:1)
  2 leopard geckos
  2 orcs (D:3)
  A ball python (D:2)
  7 giant cockroaches
  13 goblins
  9 hobgoblins
  3 bats
  A frilled lizard (D:3)
  5 kobolds
  3 rats
56 creatures vanquished.

Notes
Turn   | Place    | Note
-------+----------+-------------------------------------------
     0 | D:1      | prawnwizard the Draconian Fire Elementalist began the quest
                  | for the Orb.
     0 | D:1      | Reached XP level 1. HP: 14/14 MP: 3/3
   326 | D:1      | Reached XP level 2. HP: 11/20 MP: 0/5
  1009 | D:2      | Noticed Robin
  1024 | D:2      | Reached XP level 3. HP: 18/26 MP: 1/6
  1043 | D:2      | Killed Robin
  1672 | D:2      | Reached XP level 4. HP: 33/34 MP: 2/7
  1982 | D:2      | Found a glowing silver altar of Zin.
  2866 | D:3      | Learned a level 2 spell: Throw Flame
  2870 | D:3      | Learned a level 3 spell: Conjure Flame
  2958 | D:3      | Found a transporter.
  2958 | D:3      | Found a transporter.
  3237 | D:3      | Reached skill level 4 in Fire Magic
  3331 | D:3      | Reached XP level 5. HP: 39/39 MP: 4/9
  3395 | D:3      | Slain by a worm

Skill      XL: |  1  2  3  4 |
---------------+-------------+-----
Dodging        | 2 |  2.6
Stealth        | 2 |  2.2
Fire Magic     | 4 |  4.0
Fighting       | |  0.7
Short Blades   | |  0.9
Spellcasting   | |  2.7
Conjurations   | |  1.7

Action                   |  1- 3 |  4- 6 || total
-------------------------+-------+-------++-------
Melee: Dagger            |    75 |   115 ||   190
       Tailslap          |    16 |    15 ||    31
 Cast: Flame Tongue      |    22 |    15 ||    37
 Stab: Sleeping          |       |     5 ||     5
       Distracted        |       |     1 ||     1
  Eat: Chunk             |     1 |     6 ||     7
Armor: Skin              |    45 |    35 ||    80
Dodge: Dodged            |    56 |    85 ||   141
